Map: Central Protocol

Players

Defcrime - Winner!

  • Race: Terran Terran
  • League: Silver

lesha

  • Race: Terran Terran
  • League: Silver

VOD

Have the link to the VOD?

Description

Time

  • Played on: Dec. 28, 2015, 9:58 a.m.
  • Length: 17:48
Show
View Real Time Build Order
Export as new Build Order

Defcrime Terran - Winner!

Build Orders: Mech 

Get SALT Encoding   

  12  0:01  SCV  
  13  0:13  SCV  
  14  0:19  Supply Depot  
  14  0:25  SCV  
  15  0:40  SCV  
  16  0:43  Barracks  
  16  0:52  SCV  
  17  1:04  SCV  
  18  1:19  Command Center  
  18  1:35  Marine  
  18  1:37  Bunker  
  18  1:39  Orbital Command  
  19  1:54  Marine  
  20  2:11  Supply Depot  
  20  2:14  Marine  
  21  2:17  SCV  
  22  2:26  Bunker  
  22  2:29  SCV  
  23  2:30  Refinery  
  23  2:31  Refinery  
  23  2:32  Marine  
  24  2:40  Barracks  
  24  2:54  SCV x2, Refinery  
  24  2:55  Refinery  
  26  3:01  Marine  
  27  3:06  SCV x2  
  29  3:22  Supply Depot  
  29  3:23  Orbital Command  
  29  3:27  Marine  
  29  3:28  Marine  
  31  3:41  Factory  
  31  3:45  SCV  
  32  3:52  Supply Depot  
  32  3:57  SCV  
  32  3:58  Marine x2  
  32  4:01  SCV  
  36  4:09  SCV  
  37  4:13  SCV  
  37  4:16  Marine x2  
  40  4:19  Supply Depot  
  40  4:22  SCV  
  41  4:25  SCV  
  41  4:28  Factory Tech Lab  
  41  4:29  Factory  
  42  4:35  SCV  
  42  4:37  Armory  
  42  4:38  SCV, Armory  
  44  4:47  SCV  
  45  4:55  Command Center  
  45  4:56  Siege Tank  
  48  5:07  SCV x2  
  50  5:19  SCV x2  
  50  5:21  Factory Tech Lab  
  52  5:23  Factory  
  52  5:28  Terran Vehicle And Ship Armor Level 1, Terran Vehicle Weapons Level 1  
  52  5:31  SCV  
  52  5:32  Supply Depot  
  52  5:33  Supply Depot  
  53  5:39  Thor  
  59  5:51  SCV x2  
  61  6:01  Thor  
  61  6:03  SCV x2  
  69  6:07  Supply Depot  
  69  6:10  Supply Depot, Factory Tech Lab  
  69  6:15  Factory  
  69  6:23  SCV x2  
  71  6:25  Orbital Command  
  71  6:28  Refinery  
  71  6:35  SCV x2  
  60  7:02  SCV  
  60  7:03  SCV x2  
  63  7:14  Thor  
  63  7:15  SCV x2, Thor  
  77  7:23  Supply Depot  
  77  7:25  Terran Vehicle Weapons Level 2  
  77  7:33  Refinery  
  77  7:34  SCV x3  
  80  7:41  Refinery  
  80  7:49  Factory Tech Lab  
  80  7:51  Thor  
  86  8:06  SCV x2  
  86  8:07  SCV  
  82  8:19  SCV  
  81  8:31  Thor x2  
  77  9:01  Command Center  
  77  9:07  Factory Tech Lab x2  
  77  9:20  Terran Vehicle And Ship Armor Level 2  
  77  9:32  SCV x2  
  79  9:44  SCV x2, Thor x2  
  93  9:49  Command Center  
  91  10:08  Terran Vehicle Weapons Level 3  
  91  10:12  Orbital Command  
  91  10:17  Hellbat  
  91  10:18  Hellbat  
  95  10:27  SCV x2  
  95  10:28  Hellbat  
  99  10:39  SCV x2  
  101  10:42  Thor  
  101  10:45  SCV  
  108  10:51  SCV x2  
  110  10:57  SCV  
  111  11:17  Refinery  
  85  11:39  SCV x2  
  89  11:40  SCV x2  
  89  11:44  Thor x2  
  89  11:45  Hellbat  
  89  11:46  Hellbat  
  98  12:09  SCV x4  
  102  12:17  Hellbat x2  
  102  12:21  SCV  
  107  12:23  Terran Vehicle And Ship Armor Level 3  
  107  12:27  Thor x2  
  119  12:32  Orbital Command  
  119  12:34  SCV, Refinery  
  119  12:35  SCV x2  
  122  12:38  Hellbat x2  
  120  12:46  SCV  
  120  12:47  SCV x2  
  107  12:58  SCV  
  107  13:05  Hellbat x2  
  112  13:10  Thor x2  
  124  13:30  Supply Depot  
  124  13:31  Supply Depot, Thor x2  
  124  13:32  Supply Depot  
  136  13:35  Terran Ship Weapons Level 1  
  136  13:47  SCV x3  
  136  13:48  SCV  
  140  13:59  SCV  
  141  14:03  Factory  
  141  14:06  Factory  
  141  14:07  Barracks Tech Lab x2  
  141  14:09  Factory  
  141  14:21  Thor x3  
  141  14:23  Hellbat  
  161  14:45  Hellbat  
  163  14:47  Factory Tech Lab  
  163  14:49  Factory Tech Lab  
  163  14:52  Factory Tech Lab  
  163  15:10  Marauder x2  
  163  15:11  Concussive Shells  
  163  15:13  Stimpack  
  167  15:16  Thor x3  
  167  15:19  Thor  
  191  15:24  Command Center  
  171  16:06  Thor x3  
  171  16:08  Thor  
  195  16:12  Hellbat  
  195  16:17  Marauder  
  199  16:18  Marine  
  200  16:49  Orbital Command  
  200  16:53  Refinery  
Show
View Real Time Build Order
Export as new Build Order

lesha Terran 

Build Orders: Reaper Expand, MMM Bio 

Get SALT Encoding   

  12  0:03  SCV  
  13  0:15  SCV  
  13  0:19  Supply Depot  
  14  0:27  SCV  
  15  0:40  SCV  
  15  0:42  Barracks  
  16  0:50  Refinery  
  16  0:52  SCV  
  17  1:04  SCV  
  18  1:16  SCV  
  19  1:29  Orbital Command  
  19  1:34  Reaper  
  20  1:55  Command Center  
  20  1:57  SCV  
  20  1:58  Supply Depot  
  21  2:09  SCV  
  22  2:16  Refinery  
  22  2:17  Barracks Reactor  
  22  2:28  Barracks  
  22  2:30  SCV  
  23  2:43  SCV  
  24  2:45  Factory  
  24  2:55  SCV, Barracks, Marine  
  24  2:56  Marine  
  27  3:07  SCV  
  27  3:09  Orbital Command  
  27  3:21  Barracks Reactor  
  27  3:22  Marine x2  
  27  3:25  SCV  
  30  3:35  Engineering Bay  
  30  3:36  Starport, Factory Reactor  
  30  3:37  SCV  
  30  3:40  SCV  
  32  3:43  Marine  
  32  3:44  Marine  
  32  3:46  Barracks Tech Lab  
  34  3:49  SCV  
  34  3:52  SCV  
  36  4:01  SCV  
  37  4:05  SCV  
  37  4:06  Supply Depot  
  37  4:07  Marine x3  
  41  4:12  Stimpack  
  41  4:14  SCV  
  42  4:17  SCV  
  42  4:24  Marine x2  
  43  4:25  Factory Reactor  
  45  4:37  Terran Infantry Weapons Level 1, Barracks  
  45  4:38  Marine  
  45  4:39  Marine x2  
  45  4:44  Medivac x2  
  52  4:46  Marine x2  
  54  5:05  Supply Depot  
  54  5:13  Supply Depot  
  54  5:27  SCV, Medivac, Refinery, Marine x4  
  62  5:29  Refinery  
  62  5:34  SCV  
  63  5:39  SCV  
  63  5:41  Barracks Reactor  
  63  5:42  Marine  
  64  5:44  Medivac  
  64  5:45  Marine  
  64  5:46  Supply Depot, SCV  
  68  5:50  Marine x2  
  70  6:04  Bunker  
  70  6:07  Marine  
  71  6:12  Combat Shields  
  71  6:17  Marine  
  71  6:18  Marine x5  
  75  6:22  SCV  
  78  6:28  Supply Depot  
  78  6:29  Supply Depot  
  78  6:39  Marine  
  78  6:40  SCV, Marine x2  
  78  6:41  SCV  
  78  6:42  Medivac, Marine x2  
  78  6:43  Medivac  
  72  6:53  SCV  
  67  6:55  Marine x2  
  67  6:57  Marine x3  
  70  7:07  Barracks  
  70  7:09  Barracks  
  70  7:12  Supply Depot, Barracks x2, Medivac  
  70  7:13  Supply Depot  
  72  7:15  Supply Depot  
  72  7:17  Terran Infantry Armor Level 1  
  72  7:23  Engineering Bay, Marine x3  
  72  7:24  Marine x3  
  78  7:35  Marine  
  79  7:41  Marine x3  
  82  7:48  Marine x3  
  82  7:50  Medivac  
  87  7:53  Marine  
  88  7:59  Marine  
  69  8:53  Marine x6  
  69  8:54  Marine  
  72  8:57  Barracks Reactor  
  72  8:58  Barracks Reactor x3  
  72  9:08  Medivac  
  72  9:09  Medivac  
  76  9:11  Marine x6  
  76  9:16  Marine  
  83  9:24  Command Center  
  83  9:25  Command Center  
  83  9:28  Marine  
  83  9:29  Marine x3  
  87  9:38  Medivac  
  87  9:39  Medivac  
  63  10:01  Marine x3  
  63  10:02  Marine x7  
  63  10:03  Marine x5  
  76  10:16  Armory  
  76  10:19  Marine x5  
  76  10:20  Marine x4  
  85  11:04  Marine x2  
  85  11:05  Marine x6  
  85  11:06  Marine x7  
  85  11:08  Medivac x2  
  102  11:22  Marine x2  
  97  11:38  Medivac  
  95  11:56  Marine x5  
  95  11:57  Marine x8  
  95  11:58  Marine x2  
  99  12:14  Marine x4  
  103  12:19  Orbital Command x2  
  103  12:25  Marine x4  
  103  12:26  Marine x6  
  103  12:27  Marine  
  103  12:29  Terran Infantry Weapons Level 2  
  114  12:30  Terran Infantry Armor Level 2  
  114  12:31  Marine  
  114  12:32  Marine  
  80  12:57  Marine  
  80  12:58  Marine x7  
  70  12:59  Marine x6  
  70  13:00  Marine  
  81  13:07  SCV x3  
  81  13:08  SCV  
  85  13:15  Marine x2  
  87  13:20  Marine  
  87  13:21  Marine x7  
  87  13:22  Marine x2  
  97  13:31  SCV  
  97  13:32  SCV x3  
  101  13:36  Marine x5  
  106  13:44  SCV x4  
  110  13:51  Ghost Academy  
  110  14:02  Marine  
  110  14:03  Marine x8  
  110  14:04  Marine x6  
  110  14:07  Medivac  
  127  14:10  Medivac  
  129  14:27  Ghost  
  129  14:28  Command Center  
  131  14:32  Marine x2  
  131  14:33  Marine x5  
  131  14:34  Marine  
  131  14:35  Ghost Academy  
  131  14:37  Ghost Academy  
  139  14:44  Marine x4  
  139  14:45  Marine x2  
  145  14:50  Marine  
  146  14:56  Marine x2  
  148  15:02  Nuke  
  148  15:26  Marine x2  
  148  15:27  Marine x4  
  60  15:50  Marine x4  
  60  15:51  Marine x5  
  60  15:54  Personal Cloaking  
  69  15:59  Ghost  
  69  16:02  Marine x4  
  69  16:03  Marine  
  76  16:08  Marine x5  
  76  16:09  Marine x4  
  85  16:14  Nuke  
  85  16:20  Marine x5  
  90  16:26  Marine x3  
  90  16:31  Refinery  
  93  16:36  Ghost  
  95  16:41  Marine x2  
  95  16:42  Marine x7  
  95  16:43  Marine x3  
  95  16:44  Marine x2  
  109  16:52  SCV x4  
  113  16:59  Marine x4  
  113  17:00  Orbital Command, Marine x3  
  120  17:04  SCV x3  
  120  17:05  SCV  
  103  17:16  SCV  
Tags
 
Add a new tag
Caveats
  • Supply blocks, unpowered buildings, or Contaminate may cause inaccurate times.
  • Supply counts are checked every 10 seconds.